Map: Bridgehead LE (Void)

Players

VFuSioN - Winner!

  • Race: Protoss Protoss
  • League: Bronze

wabbajack

  • Race: Zerg Zerg
  • League: Bronze

VOD

Have the link to the VOD?

Description

Time

  • Played on: July 16, 2015, 4:42 p.m.
  • Length: 9:33
Show
View Real Time Build Order
Export as new Build Order

VFuSioN Protoss - Winner!

Build Orders:  

Get SALT Encoding   

  12  0:01  Probe  
  13  0:14  Pylon  
  13  0:17  Probe  
  14  0:32  Probe  
  15  0:41  Gateway  
  15  0:44  Probe (Chrono Boost)  
  15  0:47  Assimilator  
  16  0:52  Assimilator  
  16  0:55  Probe (Chrono Boost)  
  17  1:03  Probe (Chrono Boost)  
  18  1:19  Gateway, Probe (Chrono Boost)  
  19  1:30  Cybernetics Core  
  19  1:31  Probe  
  20  1:43  Probe (Chrono Boost), Pylon  
  22  1:54  Probe (Chrono Boost)  
  22  2:01  Probe  
  23  2:07  Adept x2  
  27  2:11  Warp Gate (Chrono Boost)  
  27  2:14  Probe  
  28  2:31  Twilight Council  
  28  2:38  Probe  
  29  2:49  Pylon  
  29  2:54  Probe, Pylon  
  30  3:07  Adept  
  30  3:08  Probe  
  33  3:13  Adept  
  35  3:28  Probe  
  36  3:40  Probe  
  37  3:43  Shield Upgrade (Chrono Boost)  
  37  3:52  Probe  
  38  4:03  Nexus  
  38  4:04  Probe  
  38  4:05  Pylon  
  39  4:16  Probe  
  36  4:28  Probe  
  36  4:30  Robotics Facility  
  37  4:32  Dark Shrine  
  37  4:35  Adept x2  
  41  4:40  Probe  
  43  4:52  Probe  
  43  4:53  Pylon  
  43  4:56  Adept  
  43  4:57  Adept  
  47  5:05  Probe  
  48  5:17  Probe  
  39  5:40  Immortal (Chrono Boost)  
  41  5:49  Dark Templar  
  43  5:54  Probe  
  44  5:57  Assimilator  
  44  6:00  Assimilator  
  44  6:02  Dark Templar  
  46  6:07  Immortal (Chrono Boost)  
  50  6:17  Pylon  
  49  6:26  Zealot  
  51  6:34  Probe  
  51  6:37  Immortal  
  52  6:41  Gateway  
  52  6:43  Dark Templar, Gateway  
  52  6:44  Zealot, Pylon  
  60  6:55  Pylon  
  60  6:57  Gateway, Forge  
  60  6:59  Gateway  
  60  7:02  Pylon  
  56  7:09  Zealot  
  54  7:16  Dark Templar  
  50  7:28  Probe  
  51  7:30  Probe  
  51  7:34  Zealot  
  41  7:51  Zealot  
  29  7:54  Immortal (Chrono Boost)  
  29  7:55  Stalker  
  29  7:57  Zealot  
  29  7:58  Zealot  
  36  8:03  Probe  
  36  8:04  Probe  
  38  8:15  Probe  
  38  8:16  Probe  
  40  8:20  Zealot x2  
  40  8:21  Zealot  
  39  8:27  Probe  
  39  8:28  Probe  
  43  8:41  Probe x2 (Chrono Boost)  
  43  8:52  Probe x2 (Chrono Boost)  
  45  9:00  Probe x2 (Chrono Boost)  
  47  9:02  Archon  
  47  9:10  Stalker  
  47  9:13  Probe x2  
Show
View Real Time Build Order
Export as new Build Order

wabbajack Zerg 

Build Orders: Hatch First 

Get SALT Encoding   

  12  0:02  Drone  
  13  0:18  Overlord  
  13  0:22  Drone  
  13  0:25  Drone, Extractor x2  
  13  0:30  Drone  
  16  0:48  Drone  
  17  0:58  Hatchery  
  17  1:01  Drone  
  17  1:08  Drone  
  18  1:12  Extractor  
  17  1:18  Spawning Pool  
  17  1:25  Drone  
  17  1:27  Drone  
  18  1:41  Drone  
  18  1:46  Overlord  
  19  2:04  Drone  
  19  2:05  Extractor, Queen  
  21  2:09  Drone  
  21  2:10  Queen  
  21  2:12  Drone  
  25  2:18  Drone  
  26  2:28  Drone  
  27  2:41  Drone  
  27  2:42  Drone x2  
  30  2:46  Drone  
  30  2:49  Drone  
  32  2:55  Metabolic Boost  
  32  2:56  Pneumatized Carapace  
  32  2:57  Roach Warren  
  31  3:00  Overlord  
  31  3:04  Drone  
  32  3:08  Overlord  
  32  3:15  Drone  
  33  3:21  Baneling Nest  
  30  3:27  Spine Crawler  
  27  3:54  Queen  
  27  3:55  Roach  
  31  3:56  Roach x5  
  38  4:34  Roach  
  38  4:35  Spine Crawler, Roach x6  
  38  4:37  Overlord  
  51  4:51  Overlord  
  51  4:59  Drone x4  
  55  5:00  Drone  
  56  5:08  Overlord  
  56  5:46  Zergling x8  
  56  5:47  Zergling x4  
  56  5:49  Overlord  
  62  5:54  Roach  
  62  5:55  Roach x6  
  76  6:01  Overlord  
  73  6:28  Lair  
  73  6:32  Spore Crawler  
  72  6:33  Spore Crawler  
  72  6:35  Spore Crawler  
  70  6:46  Baneling x4  
  65  7:05  Zergling x2  
  65  7:06  Zergling x20  
  33  7:48  Drone x6  
  33  7:49  Drone  
  36  8:19  Overseer  
  31  8:27  Drone x5  
  31  8:28  Drone x5  
  35  8:40  Hydralisk Den  
  34  8:44  Evolution Chamber  
  41  9:25  Extractor  
Tags
 
Add a new tag
Caveats
  • Supply blocks, unpowered buildings, or Contaminate may cause inaccurate times.
  • Supply counts are checked every 10 seconds.